 Dungeon Crawl Stone Soup version 0.23.1 (webtiles) character file.

Game seed: 6969899959857238648

18132 Kniotic the Martial Artist (level 12, 0/97 HPs)
             Began as a Demonspawn Monk on Mar 2, 2019.
             Was a High Priest of Cheibriados.
             Slain by a minotaur
             ... wielding a +0 great sword of draining
              (10 damage)
             ... in a Gauntlet.
             The game lasted 00:39:32 (15996 turns).

Kniotic the Martial Artist (Demonspawn Monk)       Turns: 15996, Time: 00:39:33

Health: 0/97       AC: 15    Str: 27    XL:     12   Next: 25%
Magic:  19/19      EV: 22    Int: 26    God:    Cheibriados [*****.]
Gold:   354        SH:  0    Dex: 37    Spells: 11/11 levels left

rFire    . . .     SeeInvis .     - Unarmed
rCold    + . .     Gourm    .   (no shield)
rNeg     . . .     Faith    .   e - +0 troll leather armour
rPois    .         Spirit   .   p - +0 helmet
rElec    .         Reflect  .   i - +1 cloak
rCorr    .         Harm     .   (no gloves)
MR       .....     NoTele   +   (no boots)
Stlth    ++........             w - amulet of regeneration
HPRegen  1.06/turn              l - +5 ring of protection
MPRegen  0.16/turn              a - +4 ring of dexterity

@: heavily drained, very slow
A: hooves 2, icy blue scales 2, cold resistance 1, powered by death 2, freezing
cloud immunity
a: Bend Time, Temporal Distortion, Slouch, Step From Time, Renounce Religion


You were in a Gauntlet.
You worshipped Cheibriados.
Cheibriados was extremely pleased with you.
You were completely stuffed.

You visited 3 branches of the dungeon, and saw 15 of its levels.
You also visited: Gauntlet.

You collected 723 gold pieces.
You spent 369 gold pieces at shops.

Inventory:

Armour
 e - a +0 troll leather armour (worn)
 i - a +1 cloak (worn)
 p - a +0 helmet (worn)
 F - the cursed +0 leather armour of Dawn {rElec Int+3 Dex-4}
   (You bought it in a shop on level 9 of the Dungeon)

   It affects your intelligence (+3).
   It affects your dexterity (-4).
   It insulates you from electricity.
   It has a curse placed upon it.
 G - a +0 robe
 H - the +1 chain mail "Ythrom" {-Tele rF+ rN++}
   (You found it in a Gauntlet)

   It protects you from fire.
   It greatly protects you from negative energy.
   It prevents most forms of teleportation.
 P - the +1 robe of Hamuckoe {rElec rC- Str-5 SInv}
   (You found it in a Gauntlet)

   It affects your strength (-5).
   It makes you vulnerable to cold.
   It insulates you from electricity.
   It lets you see invisible.
Jewellery
 a - a +4 ring of dexterity (right hand)
 l - a +5 ring of protection (left hand)
 m - a +3 amulet of reflection
 w - an amulet of regeneration (around neck)
 I - an uncursed ring of protection from cold
 J - an uncursed amulet of the gourmand
 O - an uncursed amulet of faith
Wands
 o - a wand of acid (9)
 s - a wand of paralysis (5)
 v - a wand of iceblast (17)
 C - a wand of disintegration (9)
Scrolls
 d - 9 scrolls of remove curse
 f - 10 scrolls of teleportation
 g - a scroll of enchant armour
 k - 3 scrolls of immolation
 q - 3 scrolls of blinking {unknown}
 t - a scroll of magic mapping
 u - 4 scrolls of amnesia
 x - a scroll of identify
 y - a scroll of vulnerability
 D - a scroll of fear
 K - a scroll of random uselessness {unknown}
 M - a scroll of enchant weapon {unknown}
Potions
 c - a potion of invisibility
 h - 2 potions of mutation
 n - 3 potions of flight
 r - 5 potions of curing
 z - 2 potions of resistance
 A - 2 potions of cancellation
 B - 2 potions of magic
 E - a potion of agility
Miscellaneous
 j - a box of beasts
Comestibles
 b - 31 rations
 N - 7 chunks of flesh


   Skills:
 - Level 10.0(7.8) Fighting
 - Level 10.0(7.8) Dodging
 - Level 1.7(0.0) Stealth
 + Level 11.7(9.4) Unarmed Combat
 + Level 10.1(7.9) Invocations


You had 11 spell levels left.
You didn't know any spells.
Your spell library contained the following spells:

 Spells                   Type           Power        Failure   Level  Hunger
 Beastly Appendage        Tmut           #.....       14%         1    ##.....
 Corona                   Hex            #......      14%         1    ##.....
 Magic Dart               Conj           #...         14%         1    ##.....
 Shock                    Conj/Air       #...         14%         1    ##.....
 Ensorcelled Hibernation  Hex/Ice        #.....       22%         2    ###....
 Searing Ray              Conj           #.....       22%         2    ###....
 Sticks to Snakes         Tmut           #.......     22%         2    ###....
 Swiftness                Chrm/Air       #.......     22%         2    ###....
 Confuse                  Hex            #.......     38%         3    ####...
 Dazzling Spray           Conj/Hex       #.....       38%         3    ####...
 Spider Form              Tmut/Pois      #.........   38%         3    ####...
 Static Discharge         Conj/Air       #.......     38%         3    ####...
 Tukima's Dance           Hex            #.......     38%         3    ####...
 Airstrike                Air            #.........   80%         4    #####..
 Force Lance              Conj/Tloc      #.......     80%         4    #####..
 Fulminant Prism          Conj/Hex       #.........   80%         4    #####..
 Ice Form                 Ice/Tmut       #.......     80%         4    #####..
 Iskenderun's Mystic Bla  Conj           #.......     80%         4    #####..
 Blade Hands              Tmut           #.........   98%         5    ######.
 Lightning Bolt           Conj/Air       #.........   98%         5    ######.


Dungeon Overview and Level Annotations

Branches:
Dungeon (12/15)            Temple (1/1) D:7            Lair (2/6) D:11
  Snake (0/4) Lair:2          Orc (0/2) D:9
  Swamp: Lair:2-4    Shoals: Lair:2-4

Altars:
Ashenzari
Cheibriados
Dithmenos
Elyvilon
Fedhas
Gozag
Hepliaklqana
Kikubaaqudgha
Makhleb
Nemelex Xobeh
Okawaru
Qazlal
Ru
Sif Muna
Trog
Uskayaw
Vehumet
Wu Jian
Xom
Yredelemnul
Zin
The Shining One

Shops:
D:6 :   D:9 [

Annotations:
D:7 3 runed translucent doors, martbhell's ghost, novice TrMo
D:10 exclusion: orc warrior, Gastronok
D:11 exclusions: hydra and ugly thing Gauntlet 6 transporters, 1 runed translucent door, exclusion: orange crystal statue


Innate Abilities, Weirdness & Mutations

You have hoof-like feet.
You are mostly covered in icy blue scales. (AC +3)
Your flesh is cold resistant. (rC+)
You regenerate health from kills.
You are immune to freezing clouds.


Message History

The minotaur is severely wounded.
You hit the minotaur but do no damage. Your kick misses the minotaur.
The minotaur is severely wounded.
The minotaur misses you. The minotaur barely misses you.
You pummel the minotaur!!
You kick the minotaur, but do no damage.
The minotaur is almost dead.
The minotaur is no longer covered in acid.
The minotaur hits you with a +0 great sword of draining!
You feel drained. The minotaur completely misses you.
You hit the minotaur but do no damage.
You kick the minotaur, but do no damage.
The minotaur is almost dead.
You hit the minotaur but do no damage.
You kick the minotaur, but do no damage.
The minotaur is almost dead.
The minotaur hits you with a +0 great sword of draining!!
* * * LOW HITPOINT WARNING * * *
You feel drained.
You die...

#≈.....................≈#
#≈≈≈#≈≈≈#..∩.8.∩..#≈≈≈#≈≈≈#
##≈###≈###.......###≈###≈##
## ################### ##
#.................#
#.8.8.8.©.©.8.8.8.#
#...(.............#
###.#.#######.#.###
#.@..#....# #H##.#.##.#
.... ... ... #.#..## ##..#
#.#..# #..# # ...# #...
#8.# #.8# ##


You could see a minotaur.

Vanquished Creatures
  Urug (D:10)
  Nergalle (D:10)
  An unseen horror (D:10)
  A wolf spider zombie (D:12)
  A cyclops (D:11)
  Psyche (D:10)
  A spiny frog (Lair:2)
  A gargoyle (D:10)
  3 komodo dragons
  2 trolls
  A tyrant leech (Gauntlet)
  2 polar bears (Lair:2)
  3 hippogriffs
  5 blink frogs
  14 yaks
  2 wyverns
  A ynoxinul (Gauntlet)
  Sigmund (D:6)
  Eustachio (D:6)
  A basilisk (Lair:1)
  Grum (Lair:1)
  3 nagas (Lair:2)
  2 acid dragons (D:11)
  5 water moccasins
  2 swamp worms (Gauntlet)
  A soldier ant (D:11)
  5 small abominations (Gauntlet)
  2 porcupines
  4 ice beasts
  6 orc warriors
  4 sky beasts
  2 black bears
  3 phantoms
  A necrophage (D:8)
  2 wolves (Lair:1)
  6 centaurs
  5 ogres
  6 crocodiles
  8 bullfrogs
  6 big kobolds
  A wyvern zombie (D:7)
  2 gnoll sergeants
  4 scorpions
  6 killer bees (D:9)
  2 wights (D:3)
  3 howler monkeys (D:9)
  6 crimson imps
  A bullfrog zombie (D:7)
  A centaur zombie (D:11)
  2 jellies (D:8)
  3 orc wizards (D:10)
  2 centaur skeletons
  6 hounds
  3 orc priests
  3 bullfrog skeletons
  An iron imp (Gauntlet)
  An iguana (D:9)
  7 worker ants
  A hound skeleton (D:7)
  A hound zombie (D:8)
  A howler monkey zombie (D:5)
  A worker ant zombie (D:9)
  15 gnolls
  7 adders
  2 shadow imps
  An adder zombie (D:5)
  2 adder skeletons
  2 worms (D:2)
  7 leopard geckos
  18 orcs
  A ball python (D:1)
  4 giant cockroaches
  9 goblins
  5 hobgoblins
  4 jackals (D:6)
  11 kobolds
  5 quokkas
  4 bats
  3 frilled lizards
  2 gnoll zombies (D:2)
  2 jackal skeletons (D:5)
  12 rats
292 creatures vanquished.

Vanquished Creatures (others)
  2 fungi (Lair:2)
  2 plants (Lair:2)
  4 withered plants (Gauntlet)
8 creatures vanquished.

Grand Total: 300 creatures vanquished

Notes
Turn   | Place    | Note
-------+----------+-------------------------------------------
     0 | D:1      | Kniotic the Demonspawn Monk began the quest for the Orb.
     0 | D:1      | Reached XP level 1. HP: 18/18 MP: 1/1
    23 | D:1      | Reached skill level 3 in Unarmed Combat
   408 | D:1      | Gained mutation: You are partially covered in icy blue
                  | scales. (AC +2) [demonic ancestry]
   408 | D:1      | Reached XP level 2. HP: 23/24 MP: 2/2
  1203 | D:2      | Gained mutation: Your flesh is cold resistant. (rC+)
                  | [demonic ancestry]
  1203 | D:2      | Reached XP level 3. HP: 28/29 MP: 3/3
  1325 | D:2      | Found a basalt altar of Yredelemnul.
  1490 | D:2      | Reached skill level 4 in Unarmed Combat
  2788 | D:3      | Gained mutation: You regenerate a little health from kills.
                  | [demonic ancestry]
  2788 | D:3      | Reached XP level 4. HP: 24/35 MP: 4/4
  3079 | D:3      | Found a burning altar of Makhleb.
  3155 | D:4      | Reached skill level 5 in Unarmed Combat
  3416 | D:4      | Found a sparkling altar of Nemelex Xobeh.
  3503 | D:4      | Reached XP level 5. HP: 28/41 MP: 5/5
  4267 | D:3      | Reached skill level 6 in Unarmed Combat
  4596 | D:3      | Gained mutation: You are mostly covered in icy blue scales.
                  | (AC +3) [demonic ancestry]
  4596 | D:3      | Reached XP level 6. HP: 29/47 MP: 6/6
  4750 | D:5      | Entered Level 5 of the Dungeon
  5101 | D:5      | Noticed an ice beast
  5132 | D:5      | Killed an ice beast
  5132 | D:5      | Reached skill level 7 in Unarmed Combat
  5294 | D:5      | Gained mutation: You have large cloven feet. [demonic
                  | ancestry]
  5294 | D:5      | Reached XP level 7. HP: 44/52 MP: 7/7
  5895 | D:5      | Reached skill level 8 in Unarmed Combat
  6195 | D:6      | Found a glowing golden altar of the Shining One.
  6229 | D:6      | Reached XP level 8. HP: 58/58 MP: 8/8
  6357 | D:6      | Noticed Sigmund
  6361 | D:6      | Reached skill level 9 in Unarmed Combat
  6372 | D:6      | Killed Sigmund
  6627 | D:6      | Found a glowing silver altar of Zin.
  6628 | D:6      | Found Zin's Purification Station.
  6634 | D:6      | Bought 2 potions of curing for 180 gold pieces
  6663 | D:6      | Noticed Eustachio
  6696 | D:6      | Killed Eustachio
  6696 | D:6      | Reached skill level 10 in Unarmed Combat
  6910 | D:6      | Found Jaqur's Book Emporium.
  7397 | D:7      | Gained mutation: You have hoof-like feet. [demonic
                  | ancestry]
  7397 | D:7      | Reached XP level 9. HP: 50/66 MP: 9/9
  7492 | D:7      | Found a staircase to the Ecumenical Temple.
  7614 | D:7      | Found a runed translucent gate.
  7614 | D:7      | Found a runed translucent gate.
  7615 | D:7      | Found a runed translucent gate.
  7895 | Temple   | Entered the Ecumenical Temple
  8051 | Temple   | Became a worshipper of Cheibriados the Contemplative
  8051 | Temple   | Reached * piety under Cheibriados
  8051 | Temple   | Reached ** piety under Cheibriados
  8199 | D:7      | Reached skill level 5 in Fighting
  8336 | D:7      | Reached skill level 5 in Dodging
  8395 | D:7      | Found a shimmering altar of Xom.
  8767 | D:7      | Noticed martbhell's ghost (novice TrMo)
  9102 | D:8      | Found a blossoming altar of Fedhas.
  9441 | D:8      | Found a hide-covered altar of Uskayaw.
  9445 | D:8      | Found a bloodstained altar of Trog.
 10261 | D:9      | Found Sepigoan's Antique Armour Emporium.
 10279 | D:9      | Bought a faintly glowing leather armour for 189 gold pieces
 10302 | D:9      | Gained mutation: You are immune to freezing clouds.
                  | [demonic ancestry]
 10302 | D:9      | Reached XP level 10. HP: 79/79 MP: 10/10
 10319 | D:9      | Identified the cursed +0 leather armour of Dawn {rElec
                  | Int+3 Dex-4} (You bought it in a shop on level 9 of the
                  | Dungeon)
 10324 | D:9      | Found a sacrificial altar of Ru.
 10421 | D:9      | Reached *** piety under Cheibriados
 10701 | D:9      | Found a staircase to the Orcish Mines.
 10752 | D:9      | Reached **** piety under Cheibriados
 11286 | D:10     | Entered Level 10 of the Dungeon
 11295 | D:10     | Noticed Nergalle
 11302 | D:10     | Killed Nergalle
 11509 | D:10     | Noticed Psyche
 11523 | D:10     | Killed Psyche
 11750 | D:10     | Noticed Gastronok
 11951 | D:10     | Noticed Urug
 12282 | D:10     | Killed Urug
 12282 | D:10     | Reached skill level 1 in Invocations
 12979 | D:10     | Killed an unseen horror
 12979 | D:10     | Reached XP level 11. HP: 66/90 MP: 12/12
 13306 | D:10     | Reached skill level 10 in Fighting
 13344 | D:10     | Reached ***** piety under Cheibriados
 13687 | D:11     | You fall through a shaft!
 13806 | D:11     | Reached skill level 10 in Dodging
 13881 | D:11     | Reached skill level 5 in Invocations
 14027 | D:11     | Noticed a four-headed hydra
 14081 | D:11     | Noticed a cyan ugly thing
 14165 | D:11     | Found a staircase to the Lair.
 14477 | Lair:1   | Entered Level 1 of the Lair of Beasts
 14540 | Lair:1   | Noticed Grum
 14568 | Lair:1   | Killed Grum
 14865 | Lair:1   | Reached skill level 11 in Unarmed Combat
 15309 | Lair:2   | Found a staircase to the Snake Pit.
 15373 | Lair:2   | Gained mutation: You regenerate health from kills. [demonic
                  | ancestry]
 15373 | Lair:2   | Reached XP level 12. HP: 87/97 MP: 18/18
 15502 | Lair:2   | Found a gate leading to a gauntlet.
 15515 | Gauntlet | Entered a Gauntlet
 15515 | Gauntlet | Found a transporter.
 15515 | Gauntlet | Found a transporter.
 15524 | Gauntlet | Found a transporter.
 15528 | Gauntlet | Found a transporter.
 15532 | Gauntlet | Found a runed translucent door.
 15532 | Gauntlet | Found a runed translucent door.
 15537 | Gauntlet | Found a transporter.
 15541 | Gauntlet | Found a transporter.
 15554 | Gauntlet | Found a transporter.
 15563 | Gauntlet | Found the cursed +14 obsidian axe {chop, +Fly SInv *Curse}
 15565 | Gauntlet | Found a transporter.
 15579 | Gauntlet | Found a transporter.
 15583 | Gauntlet | Found a transporter.
 15594 | Gauntlet | Found a transporter.
 15595 | Gauntlet | Found a transporter.
 15599 | Gauntlet | Identified the +5 rapier of Ciloduof {vamp, *Slow rF+++ rC-
                  | rN+++}
 15744 | Gauntlet | Got a pitted chain mail
 15825 | Gauntlet | Reached skill level 10 in Invocations
 15856 | Gauntlet | Got a faintly glowing robe
 15958 | Gauntlet | Identified the +1 robe of Hamuckoe {rElec rC- Str-5 SInv}
                  | (You found it in a Gauntlet)
 15959 | Gauntlet | Identified the +1 chain mail "Ythrom" {-Tele rF+ rN++} (You
                  | found it in a Gauntlet)
 15972 | Gauntlet | Noticed a minotaur
 15996 | Gauntlet | Slain by a minotaur

Skill      XL: |  1  2  3  4  5  6  7  8  9 10 11 12 |
---------------+-------------------------------------+-----
Unarmed Combat | 3 4 5 6 7 8 10 11 | 11.7
Dodging        | 4 6 9 10 | 10.0
Fighting       | 4 7 9 10 | 10.0
Invocations    | 2 8 10 | 10.1
Stealth        | |  1.7

Action                   |  1- 3 |  4- 6 |  7- 9 | 10-12 || total
-------------------------+-------+-------+-------+-------++-------
Melee: Unarmed           |   221 |   172 |   345 |   533 ||  1271
       Punch             |     5 |     5 |    22 |    56 ||    88
       Kick              |       |       |   132 |   314 ||   446
Evoke: Wand              |       |       |       |     1 ||     1
  Use: Scroll            |     4 |       |    10 |    12 ||    26
       Potion            |       |       |     1 |     5 ||     6
 Stab: Sleeping          |     9 |     4 |     7 |    10 ||    30
       Distracted        |       |       |     1 |       ||     1
  Eat: Chunk             |     5 |     5 |    10 |    21 ||    41
       Ration            |       |     1 |     1 |       ||     2
Armor: Robe              |    40 |    45 |    93 |    45 ||   223
       Troll leather arm |       |       |       |    37 ||    37
Dodge: Dodged            |   147 |    91 |   277 |   583 ||  1098
Block: Other             |     5 |    11 |    50 |    23 ||    89
       Reflection        |       |     1 |     4 |     1 ||     6
